 Dungeon Crawl Stone Soup version 0.29-a0-559-g359e09b9d1 (console) character file.

Game seed: 772163085282711583

81 jejorda2 the Grasshopper (level 4, -8/57 HPs)
             Began as a Gnoll Warper on June 10, 2022.
             Killed by divine providence
             ... invoked by an orc priest
              (11 damage)
             ... on level 3 of the Dungeon.
             The game lasted 00:07:11 (2301 turns).

jejorda2 the Grasshopper (Gnoll Warper)             Turns: 2301, Time: 00:07:11

Health: -8/57      AC: 22    Str: 10 (12) XL:     4   Next: 42%
Magic:  10/11      EV:  2    Int: 10 (12) God:
Gold:   126        SH:  0    Dex: 10 (12) Spells: 11/13 levels left

rFire   . . .      SeeInvis .   b - +2 hunting sling (flame)
rCold   . . .      Faith    .   (no shield)
rNeg    . . .      Spirit   .   (body armour currently unavailable)
rPois   +          Reflect  .   (helmet currently unavailable)
rElec   .          Harm     .   (cloak currently unavailable)
rCorr   .          Rampage  .   (gloves currently unavailable)
Will    .....      NoTele   +   (boots currently unavailable)
Stlth   +.........              (no amulet)
HPRegen 0.19/turn               (no ring)
MPRegen 0.12/turn               (no ring)

@: brilliant, tree-form, attractive
A: stationary, stasis, torment immunity, boosted hp, (fangs 1), strong nose,
distributed training
a: no special abilities


You were on level 3 of the Dungeon.
You were a tree.
You visited 1 branch of the dungeon, and saw 3 of its levels.

You collected 126 gold pieces.

Inventory:

Hand Weapons
 a - a +0 short sword of flaming
 b - a +2 hunting sling of flaming (weapon)
 g - a +0 short sword
Missiles
 d - 4 boomerangs of dispersal
Armour
 j - a +0 leather armour
 o - the +6 scale mail of Apathy (melded) {rF- rCorr Str+4}
   (You found it on level 2 of the Dungeon)

   Str:       It affects your strength (+4).
   rF:        It makes you vulnerable to fire.
   rCorr:     It protects you from acid and corrosion.
Scrolls
 c - a scroll of blinking
 f - a scroll of poison {unknown}
 h - 2 scrolls of teleportation {unknown}
 i - a scroll of magic mapping {unknown}
 l - a scroll of amnesia {unknown}
 m - 3 scrolls of identify {unknown}
 n - a scroll of silence {unknown}
 p - a scroll of vulnerability {unknown}
 s - a scroll of enchant weapon {unknown}
 u - a scroll of immolation {unknown}
Potions
 r - a potion of attraction


   Skills:
 + Level 4.6 Fighting
 + Level 4.6 Short Blades
 + Level 1.1 Long Blades
 + Level 1.1 Axes
 + Level 1.1 Maces & Flails
 + Level 1.1 Polearms
 + Level 1.1 Staves
 + Level 1.1 Slings
 + Level 1.1 Bows
 + Level 1.1 Crossbows
 + Level 2.7 Throwing
 + Level 2.7 Armour
 + Level 4.6 Dodging
 + Level 1.1 Stealth
 + Level 1.1 Shields
 + Level 1.1 Unarmed Combat
 + Level 5.1 Spellcasting
 + Level 0.9 Conjurations
 + Level 0.9 Hexes
 + Level 0.9 Summonings
 + Level 0.9 Necromancy
 + Level 5.4 Translocations
 + Level 0.9 Transmutations
 + Level 0.9 Fire Magic
 + Level 0.9 Ice Magic
 + Level 0.9 Air Magic
 + Level 0.9 Earth Magic
 + Level 0.9 Poison Magic
 + Level 1.2 Invocations
 + Level 1.1 Evocations


You had 11 spell levels left.
You knew the following spells:

 Your Spells              Type           Power      Damage    Failure   Level
k - Blink                 Tloc           40%        N/A       3%          2

Your spell library contained the following spells:

 Spells                   Type           Power      Damage    Failure   Level
 Gell's Gravitas          Tloc           20%        N/A       7%          3
 Lesser Beckoning         Tloc           20%        N/A       7%          3
 Teleport Other           Tloc           20%        N/A       7%          3
 Ignite Poison            Fire/Tmut/Pois 6%         N/A       43%         3
 Mephitic Cloud           Conj/Pois/Air  6%         N/A       43%         3
 Manifold Assault         Tloc           20%        N/A       54%         5
 Summon Ice Beast         Ice/Summ       6%         N/A       83%         4
 Freezing Cloud           Conj/Ice/Air   3%         6-21      99%         5
 Summon Mana Viper        Hex/Summ       6%         N/A       99%         5
 Monstrous Menagerie      Summ           3%         N/A       100%        7


Dungeon Overview and Level Annotations

Branches:
Dungeon (3/15)

Altars:
Ashenzari
Ru

Shops:
D:1 =

Annotations:
D:3 2 runed translucent doors


Innate Abilities, Weirdness & Mutations

You are a tree.
Your roots penetrate the ground, keeping you stationary.
You cannot be teleported.
You are immune to unholy pain and torment.
Your maximum health is greatly increased.
Your equipment is partially melded.
((You have very sharp teeth.))
Your uncanny sense of smell can sniff out nearby items.
Your experience applies equally to all skills.


Message History

Your roots penetrate the ground.
The orc hits you but does no damage.
The orc priest hits you but does no damage.
It was a potion of flight.
Your roots keep you in place.
You feel stable enough to blink again. The orc hits you but does no damage.
The orc priest hits you but does no damage.
Fire: b) +2 hunting sling (flame)
Press: ? - help, Q - select action, (/) - cycle Shift-Dir - straight line, f/p - orc priest
Aim: an orc priest, wielding a +0 flail and wearing a +0 leather armour (severely wounded, 57% to hit)
Okay, then.
Unknown command.
Unknown command.
Throw: 7 boomerangs (disperse)
Press: ? - help, Shift-Dir - straight line, f/p - orc priest
Aim: an orc priest, wielding a +0 flail and wearing a +0 leather armour (severely wounded, 59% to hit)
You throw a boomerang of dispersal.
The boomerang of dispersal barely misses the orc priest.
The boomerang of dispersal hits the orc.
The orc blinks!
The orc hits you but does no damage.
The orc priest hits you but does no damage.
Unknown command.
Throw: 6 boomerangs (disperse)
Press: ? - help, Shift-Dir - straight line, f/p - orc priest
Aim: an orc priest, wielding a +0 flail and wearing a +0 leather armour (severely wounded, 59% to hit)
You throw a boomerang of dispersal.
The boomerang of dispersal barely misses the orc priest.
The orc hits you but does no damage.
The orc priest begins to cast a cantrip, but forgets the words!
Throw: 5 boomerangs (disperse)
Press: ? - help, Shift-Dir - straight line, f/p - orc priest
Aim: an orc priest, wielding a +0 flail and wearing a +0 leather armour (severely wounded, 59% to hit)
You throw a boomerang of dispersal.
The boomerang of dispersal hits the orc priest.
The orc priest blinks!
The orc priest is almost dead.
The orc hits you but does no damage. x2
The orc priest calls down the wrath of Beogh upon you.
Beogh smites you!
You die...

...############ ..
.....#.#.#.#.#.#
#'#'#'#.#.#.#.#.#.##
#.#.#.#.#.#.#.#.#.#
#.#.#.#.#.#.#.#.###
#o#.#.#.#.#.#.#..#
#.#.#.#.#.#.#.#.##
#.#.#.#.#.#.#...#
#♣#.#.#.#.#.##.# #
#o#§#.#.#.#.#.#.###
#.# #o#.#.#.#.##..##
#.#
#.#.#.#.#.#.....+
#.# #.#
#.#.#.#.###..# #.#
#.# #.#.#.#.##...
#.# #.#
#.#.#.#.###... .#
#.# .#.#.#.#.##...
#.# #.#.#.#.#.....


You could see an orc priest and 2 orcs.

Vanquished Creatures
  2 adders (D:2)
  A dart slug (D:2)
  3 orcs (D:3)
  7 bats
  2 endoplasms
  5 goblins
  10 hobgoblins
  3 quokkas
  8 ball pythons
  3 frilled lizards (D:1)
  4 kobolds (D:1)
  6 rats
54 creatures vanquished.

Notes
Turn   | Place    | Note
-------+----------+-------------------------------------------
     0 | D:1      | jejorda2 the Gnoll Warper began the quest for the Orb.
     0 | D:1      | Reached XP level 1. HP: 20/20 MP: 6/6
    21 | D:1      | Found Ehoschug's One-of-a-Kind Rings.
   108 | D:1      | Reached XP level 2. HP: 13/26 MP: 7/7
   401 | D:1      | Learned a level 2 spell: Blink
   676 | D:1      | Reached XP level 3. HP: 31/31 MP: 9/9
   733 | D:1      | Reached skill level 5 in Spellcasting
  1111 | D:1      | Found a faded altar of an unknown god.
  1198 | D:2      | Reached skill level 1 in Invocations
  1483 | D:2      | Identified the +6 scale mail of Apathy {rF- rCorr Str+4}
  1504 | D:2      | Reached skill level 1 in Long Blades
  1504 | D:2      | Reached skill level 1 in Axes
  1504 | D:2      | Reached skill level 1 in Maces & Flails
  1504 | D:2      | Reached skill level 1 in Polearms
  1504 | D:2      | Reached skill level 1 in Staves
  1504 | D:2      | Reached skill level 1 in Slings
  1504 | D:2      | Reached skill level 1 in Bows
  1504 | D:2      | Reached skill level 1 in Crossbows
  1504 | D:2      | Reached skill level 1 in Stealth
  1504 | D:2      | Reached skill level 1 in Shields
  1504 | D:2      | Reached skill level 1 in Unarmed Combat
  1504 | D:2      | Reached skill level 1 in Evocations
  1706 | D:2      | Reached XP level 4. HP: 38/38 MP: 11/11
  1913 | D:3      | Found a large runed translucent door.
  1914 | D:3      | Found a large runed translucent door.
  2200 | D:3      | Found a sacrificial altar of Ru.
  2200 | D:3      | Found a broken altar of Ashenzari.
  2293 | D:3      | HP: 1/38 [orc priest/+0 flail (2)]
  2301 | D:3      | Killed from afar by an orc priest

Illustrated notes

Levels and vault maps discovered:
D:1:      grunt_arrival_crossed_arrows, layout_rooms,
          hellmonk_ecumenical_altar_inner_sanctum, nicolae_shop_unique_rings,
          minmay_misc_feat_columns
D:2:      wander_river, layout_basic
D:3:      layout_basic, jmf_multi_god_temple2,
          gammafunk_temple_overflow_elements, st_stairs_10

Skill      XL: |  1  2  3 |
---------------+----------+-----
Spellcasting   | 5 |  5.1
Invocations    | 1 |  1.2
Long Blades    | 1 |  1.1
Axes           | 1 |  1.1
Maces & Flails | 1 |  1.1
Polearms       | 1 |  1.1
Staves         | 1 |  1.1
Slings         | 1 |  1.1
Bows           | 1 |  1.1
Crossbows      | 1 |  1.1
Stealth        | 1 |  1.1
Shields        | 1 |  1.1
Unarmed Combat | 1 |  1.1
Evocations     | 1 |  1.1
Fighting       | |  4.6
Short Blades   | |  4.6
Throwing       | |  2.7
Armour         | |  2.7
Dodging        | |  4.6
Conjurations   | |  0.9
Hexes          | |  0.9
Summonings     | |  0.9
Necromancy     | |  0.9
Translocations | |  5.4
Transmutations | |  0.9
Fire Magic     | |  0.9
Ice Magic      | |  0.9
Air Magic      | |  0.9
Earth Magic    | |  0.9
Poison Magic   | |  0.9

Action                   |  1- 3 |  4- 6 || total
-------------------------+-------+-------++-------
Melee: Short sword       |    75 |       ||    75
       Bite              |     4 |       ||     4
       Punch             |     1 |       ||     1
 Fire: Hunting sling     |    53 |    26 ||    79
Throw: Boomerang         |       |     3 ||     3
 Cast: Blink             |       |     1 ||     1
  Use: Potion            |       |     5 ||     5
Armor: Leather armour    |    29 |       ||    29
       Scale mail        |     3 |     9 ||    12
       Skin              |       |     9 ||     9
Dodge: Dodged            |    81 |     9 ||    90

Table legend: (Time is in decaauts)
 A = Elapsed time spent in this place.
 B = Non-inter-level travel time spent in this place.
 C = Inter-level travel time spent in this place.
 D = Time resting spent in this place.
 E = Time spent auto-exploring this place.
 F = Levels seen in this place.
 G = Mean time per level.
                   A        B        C        D        E       F      G
               +--------+--------+--------+--------+--------+-----+--------+
         Total |   2357 |   2316 |     41 |    106 |   1807 |   3 |  785.7 |
       Dungeon |   2357 |   2316 |     41 |    106 |   1807 |   3 |  785.7 |
               +--------+--------+--------+--------+--------+-----+--------+

Top non-repeatable levels by time:
     D:1: 1191 daAuts
     D:2: 754 daAuts
     D:3: 411 daAuts
